 Dungeon Crawl Stone Soup version 0.31.0-11-ge490571c62 (webtiles) character file.

Game seed: 2523802232004590256

1428 qw the Skirmisher (level 8, -1/47 HPs)
             Began as a Deep Elf Hunter on Feb 4, 2024.
             Slain by Duvessa
             ... wielding a +0 short sword
              (5 damage)
             ... on level 6 of the Dungeon.
             The game lasted 00:00:29 (5787 turns).

qw the Skirmisher (Deep Elf Hunter)                 Turns: 5787, Time: 00:00:30

Health: -1/47      AC:  8    Str: 10    XL:     8   Next: 44%
Magic:  10/10      EV: 14    Int: 15    God:
Gold:   48         SH:  0    Dex: 18    Spells: 7/7 levels left

rFire   . . .        l - +0 orcbow
rCold   . . .        (shield currently unavailable)
rNeg    . . .        q - +1 scale mail {Will+}
rPois   .            (no helmet)
rElec   .            (no cloak)
rCorr   .            f - +0 pair of gloves
SInv    .            (no boots)
Will    +....        (no amulet)
Stlth   +            h - +5 ring of evasion
HPRegen 0.27/turn    (no ring)
MPRegen 0.12/turn

%: no passive effects
@: hasted, very quick
A: no striking features
a: no special abilities


You were on level 6 of the Dungeon.
You visited 2 branches of the dungeon, and saw 7 of its levels.

You collected 270 gold pieces.
You spent 222 gold pieces at shops.


   Skills:
 - Level 3.6 Fighting
 + Level 12.9 Ranged Weapons
 - Level 2.0 Armour
 - Level 3.0 Dodging
 - Level 1.2 Stealth


You had 7 spell levels left.
You didn't know any spells.
Your spell library was empty.

Inventory:

Hand Weapons
 l - a +0 orcbow (weapon)
Armour
 e - the +1 robe of Dyismen {Str+3 SInv}
   (You found it on level 4 of the Dungeon)

   Str+3:     It affects your strength (+3).
   SInv:      It lets you see invisible.
 f - a +0 pair of gloves (worn)
 k - a +2 leather armour of fire resistance
 q - a +1 scale mail of willpower (worn)
Jewellery
 h - a +5 ring of evasion (left hand)
Wands
 b - a wand of iceblast (11)
Scrolls
 a - a scroll of identify
Potions
 c - a potion of might
 d - 5 potions of curing
 g - a potion of lignification {unknown}
 i - 4 potions of mutation
 j - 3 potions of enlightenment

Dungeon Overview and Level Annotations

Branches:
Dungeon (6/15)             Temple (1/1) D:4

Altars:
Ashenzari
Cheibriados
Elyvilon
Fedhas
Gozag
Hepliaklqana
Makhleb
Nemelex Xobeh
Qazlal
Ru
Sif Muna
Trog
Uskayaw
Vehumet
Wu Jian
Xom
Yredelemnul
Zin

Shops:
D:4 [[[   D:5 (

Annotations:
D:3 3 runed translucent doors, qw's ghost, weakling DEHu
D:6 Duvessa


Message History

You shoot an arrow.
The arrow hits Duvessa but does no damage.
Duvessa is moderately wounded.
Duvessa hits you but does no damage.
You shoot an arrow. The arrow hits Duvessa.
Duvessa is heavily wounded.
Duvessa closely misses you.
You shoot an arrow. The arrow barely misses Duvessa.
Duvessa barely misses you.
You shoot an arrow. The arrow barely misses Duvessa.
Duvessa closely misses you.
You shoot an arrow. The arrow closely misses Duvessa.
Duvessa hits you with a +0 short sword. x2
You shoot an arrow. The arrow hits Duvessa!
Duvessa is severely wounded.
Duvessa completely misses you.
Dowan mumbles some strange words.
Dowan blinks!
You shoot an arrow. The arrow closely misses Duvessa.
The arrow hits Dowan!
You kill Dowan!
Duvessa weeps, and shakes her weapon.
Duvessa goes berserk!
Duvessa hits you but does no damage.
You shoot an arrow. The arrow closely misses Duvessa.
Duvessa hits you with a +0 short sword!
You shoot an arrow. The arrow closely misses Duvessa.
Duvessa closely misses you. Duvessa hits you with a +0 short sword.
You shoot an arrow. The arrow completely misses Duvessa.
Duvessa hits you with a +0 short sword!
You shoot an arrow. The arrow hits Duvessa.
Duvessa is almost dead.
Duvessa hits you with a +0 short sword.
You shoot an arrow. The arrow barely misses Duvessa.
Duvessa hits you with a +0 short sword.
You shoot an arrow. The arrow hits Duvessa!
Duvessa is almost dead.
Duvessa barely misses you.
You shoot an arrow. The arrow completely misses Duvessa.
Duvessa hits you with a +0 short sword.
You die...

### #.# #### #.#########
#... #..@......# #...
#.##e...#.# #...
#########..'......# #...
#.........##..).#########...
#.#######.# ................
#.# #.# .....#######.... #.#
#.# .(..###..###.... #.# ...
....#~##........ #.# #.#
#~##.####...


You could see Duvessa (berserk, fast).

Vanquished Creatures
  A steam dragon (D:6)
  Menkaure (D:4)
  2 ogres
  2 centaurs
  2 phantoms (D:5)
  An elf zombie (D:5)
  A gnoll sergeant (D:5)
  An elf skeleton (D:5)
  Dowan (D:6)
  2 hounds
  3 human zombies (D:5)
  A jelly (D:5)
  A human skeleton (D:5)
  An iguana (D:5)
  A sleepcap (D:5)
  9 adders
  3 gnolls
  A shadow imp (D:4)
  2 ufetubi (D:6)
  A dart slug (D:5)
  A ribbon worm (D:3)
  5 orcs
  4 bats
  7 endoplasms
  5 giant cockroaches
  5 goblins
  10 hobgoblins
  4 jackals
  3 quokkas
  9 ball pythons
  4 frilled lizards
  10 kobolds
  4 rats
108 creatures vanquished.

Notes
Turn   | Place    | Note
-------+----------+-------------------------------------------
     0 | D:1      | qw the Deep Elf Hunter began the quest for the Orb.
     0 | D:1      | Reached XP level 1. HP: 12/12 MP: 3/3
     0 | D:1      | 0 ||| qw: Version: 0.3-a-160-g6735b56
     0 | D:1      | 0 ||| qw: Game counter: 5641
     0 | D:1      | 0 ||| qw: Melee chars always use a shield: true
     0 | D:1      | 0 ||| qw: God list: Okawaru
     0 | D:1      | 0 ||| qw: Allow faded altars: false
     0 | D:1      | 0 ||| qw: Do Orc after clearing Dungeon:15 true
     0 | D:1      | 0 ||| qw: Do second Lair branch before Depths: true
     0 | D:1      | 0 ||| qw: Lair rune preference: random
     0 | D:1      | 0 ||| qw: Goals: Normal
     0 | D:1      | 0 ||| PLANNING D:1-11
   186 | D:1      | Reached XP level 2. HP: 16/16 MP: 4/4
   199 | D:1      | Reached skill level 6 in Ranged Weapons
   266 | D:1      | Found a faded altar of an unknown god.
   826 | D:1      | 826 ||| UPGRADING to +0 pair of gloves.
   831 | D:1      | 831 ||| UPGRADING to +5 ring of evasion.
   832 | D:1      | 832 ||| READING scroll labelled SITUJOI FUKA.
   833 | D:1      | 833 ||| READING 4 scrolls labelled ZOURUI QAGAKK.
   833 | D:1      | 833 ||| IDENTIFYING fizzy clear potion
   834 | D:1      | 834 ||| READING 3 scrolls of identify.
   834 | D:1      | 834 ||| IDENTIFYING 2 fizzy pink potions
   835 | D:1      | 835 ||| READING 2 scrolls of identify.
   835 | D:1      | 835 ||| IDENTIFYING 2 clear potions
   836 | D:1      | 836 ||| DROPPING scroll of butterflies.
   837 | D:1      | 837 ||| DROPPING potion of brilliance.
   937 | D:2      | You fall into a shaft and drop 2 floors!
   937 | D:4      | Found a staircase to the Ecumenical Temple.
   938 | D:4      | 938 ||| PLANNING TEMPLE
   938 | D:4      | 938 ||| READING scroll of identify.
   938 | D:4      | 938 ||| IDENTIFYING golden potion
   949 | Temple   | Entered the Ecumenical Temple
   950 | Temple   | 950 ||| PLANNING D:1-11
   987 | D:4      | Identified the +1 robe of Dyismen {Str+3 SInv}
   999 | D:4      | Found a blossoming altar of Fedhas.
  1013 | D:4      | 1013 ||| UPGRADING to +1 robe of Dyismen {Str+3 SInv}.
  1023 | D:4      | 1023 ||| DROPPING +0 leather armour.
  1035 | D:3      | Reached XP level 3. HP: 20/20 MP: 5/5
  1077 | D:3      | Reached skill level 7 in Ranged Weapons
  1243 | D:3      | Found a runed translucent gate.
  1243 | D:3      | Found a runed translucent gate.
  1244 | D:3      | Found a runed translucent gate.
  1245 | D:3      | Noticed qw's ghost (weakling DEHu)
  1335 | D:3      | Reached XP level 4. HP: 24/25 MP: 6/6
  1381 | D:3      | 1381 ||| READING scroll of identify.
  1381 | D:3      | 1381 ||| IDENTIFYING brown potion
  1732 | D:2      | Reached skill level 8 in Ranged Weapons
  1955 | D:2      | 1955 ||| READING scroll labelled VAZXOCZ LEKE.
  2369 | D:4      | Found Diotor's Antique Armour Boutique.
  2372 | D:4      | 2372 ||| SHOPLISTING +0 mask of the Dragon {Will+ Slay+3
                  | SInv} (734 gold, have 214).
  2372 | D:4      | 2372 ||| BUYING dyed leather armour (110 gold).
  2372 | D:4      | Bought a dyed leather armour for 110 gold pieces
  2372 | D:4      | 2372 ||| SHOPLISTING runed ring mail (154 gold, have 104).
  2448 | D:4      | Reached skill level 3 in Dodging
  2449 | D:4      | Noticed Menkaure
  2450 | D:4      | 2450 ||| DRINKING potion of haste.
  2460 | D:4      | HP: 6/25 [??? (3)]
  2466 | D:4      | Killed Menkaure
  2467 | D:4      | Reached skill level 9 in Ranged Weapons
  2467 | D:4      | Reached XP level 5. HP: 8/29 MP: 7/7
  2579 | D:4      | Found Puteop's Armour Shoppe.
  2588 | D:4      | 2588 ||| SHOPLISTING +2 ring mail of cold resistance (273
                  | gold, have 104).
  2588 | D:4      | 2588 ||| SHOPLISTING +3 leather armour of willpower (312
                  | gold, have 104).
  2588 | D:4      | 2588 ||| SHOPLISTING +4 robe of Augmentation {Str+4 Int+4
                  | Dex+4} (687 gold, have 104).
  2628 | D:4      | Reached XP level 6. HP: 31/35 MP: 8/8
  2778 | D:4      | Found a sacrificial altar of Ru.
  2801 | D:4      | Found Tiroth's Antique Armour Emporium.
  2804 | D:4      | 2804 ||| BUYING glowing scale mail (112 gold).
  2804 | D:4      | Bought a glowing scale mail for 112 gold pieces
  2804 | D:4      | 2804 ||| SHOPLISTING ichor-stained leather armour (112
                  | gold, have 13).
  2804 | D:4      | 2804 ||| SHOPLISTING shiny scale mail (112 gold, have 13).
  2965 | D:4      | Found a shimmering blue altar of Sif Muna.
  2992 | D:4      | 2992 ||| DROPPING +0 ring mail.
  2993 | D:4      | 2993 ||| UPGRADING to +2 leather armour of fire resistance.
  3003 | D:4      | 3003 ||| UPGRADING to +1 scale mail of willpower.
  3013 | D:4      | 3013 ||| DROPPING ring of magical power.
  3014 | D:4      | 3014 ||| READING 2 scrolls of identify.
  3014 | D:4      | 3014 ||| IDENTIFYING amethyst potion
  3015 | D:4      | 3015 ||| READING scroll of identify.
  3015 | D:4      | 3015 ||| IDENTIFYING orange potion
  3016 | D:4      | 3016 ||| READING scroll labelled JEARPH OCHESTI.
  3017 | D:4      | 3017 ||| READING scroll labelled KEYWKE UDOITUO.
  3118 | D:4      | 3118 ||| DRINKING 2 cyan potions.
  3119 | D:4      | 3119 ||| DROPPING potion of degeneration.
  3172 | D:5      | Entered Level 5 of the Dungeon
  3173 | D:5      | 3173 ||| PLANNING OSSUARY
  3512 | D:5      | Reached skill level 10 in Ranged Weapons
  3629 | D:5      | Reached XP level 7. HP: 40/40 MP: 9/9
  3748 | D:5      | HP: 9/40 [iguana (4)]
  3749 | D:5      | 3749 ||| READING 2 scrolls of teleportation.
  3750 | D:5      | 3750 ||| DRINKING potion of heal wounds.
  3776 | D:5      | 3776 ||| RIP OSSUARY
  3827 | D:5      | 3827 ||| PLANNING D:1-11
  3854 | D:5      | Found Sonoubunny's Antique Weapon Boutique.
  3950 | D:5      | Found a radiant altar of Vehumet.
  3986 | D:5      | Reached skill level 11 in Ranged Weapons
  4218 | D:5      | Reached skill level 12 in Ranged Weapons
  4769 | D:5      | 4769 ||| DROPPING +2 robe of cold resistance.
  4770 | D:5      | 4770 ||| READING scroll labelled TIQOFO TUIDU.
  4820 | D:6      | 4820 ||| STAIRDANCE
  4853 | D:6      | 4853 ||| STAIRDANCE
  4900 | D:6      | 4900 ||| STAIRDANCE
  4924 | D:6      | 4924 ||| STAIRDANCE
  4964 | D:6      | 4964 ||| STAIRDANCE
  5021 | D:6      | 5021 ||| STAIRDANCE
  5043 | D:6      | 5043 ||| STAIRDANCE
  5084 | D:6      | 5084 ||| STAIRDANCE
  5096 | D:5      | Reached XP level 8. HP: 45/45 MP: 10/10
  5135 | D:6      | 5135 ||| Stepping ~*~*~tactically~*~*~ (cloud).
  5140 | D:6      | Reached skill level 3 in Fighting
  5253 | D:6      | 5253 ||| FLEEEEING.
  5442 | D:6      | 5442 ||| FLEEEEING.
  5443 | D:6      | 5443 ||| STAIRDANCE
  5521 | D:5      | 5521 ||| DRINKING 2 grey potions.
  5522 | D:5      | 5522 ||| DROPPING potion of magic.
  5567 | D:6      | HP: 11/47 [centaur/+0 club (2)]
  5568 | D:6      | 5568 ||| READING scroll of teleportation.
  5732 | D:6      | 5732 ||| SWAPPING to +0 orcbow.
  5733 | D:6      | 5733 ||| DROPPING +0 shortbow.
  5765 | D:6      | Noticed Duvessa
  5765 | D:6      | Noticed Dowan
  5773 | D:6      | 5773 ||| DRINKING potion of haste.
  5780 | D:6      | Killed Dowan
  5784 | D:6      | HP: 8/47 [Duvessa/+0 short sword (4)]
  5785 | D:6      | HP: 3/47 [Duvessa/+0 short sword (5)]
  5787 | D:6      | Slain by Duvessa

Levels and vault maps discovered:
D:1:      kennysheep_arrival_forest, layout_basic,
          shapermc_ecumenical_altar_starsandcircs, nicolae_eternal_life
D:2:      layout_loops_ring
D:3:      layout_basic, gammafunk_ghost_split
D:4:      layout_basic, nicolae_ru_path_of_blood, mainiacjoe_overflow_boulevard,
          lemuel_doored_altar, minmay_temple_entry_statues_pillars,
          serial_shops, nicolae_shop_real_fake_doors, kennysheep_mini_moat,
          shop, minmay_pentangle, uniq_menkaure
D:5:      layout_layer_cave, nicolae_vehumet_altar_sigil,
          nicolae_ossuary_entry_catacombs, serial_shops,
          nicolae_shop_tiny_real_fake_doors
D:6:      layout_basic, serial_rivers, chequers_serial_rivers_small_3,
          chequers_serial_rivers_marsh, chequers_serial_rivers_room_a,
          chequers_serial_rivers_small_3, chequers_serial_rivers_micro_a,
          minmay_crystal_room, corexii_item_surrounded_by_moat,
          kennysheep_crisscross, kennysheep_another_room, uniq_duvessa,
          uniq_blork_the_orc
Temple:   eino_temple_lava

Skill      XL: |  1  2  3  4  5  6  7  8 |
---------------+-------------------------+-----
Ranged Weapons | 6 7 9 10 12 | 12.9
Dodging        | 3 |  3.0
Armour         | 2 |  2.0
Fighting       | 2 3 |  3.6
Stealth        | |  1.2

Action                     |  1- 3 |  4- 6 |  7- 9 || total
---------------------------+-------+-------+-------++-------
   Fire: Shortbow          |   124 |   129 |   247 ||   500
         Orcbow            |       |       |    21 ||    21
    Use: Scroll            |     5 |     6 |     3 ||    14
         Potion            |       |     2 |     3 ||     5
 Armour: Leather armour    |    11 |       |       ||    11
         Robe              |     4 |     5 |       ||     9
         Scale mail        |       |     9 |   131 ||   140
  Dodge: Dodged            |    28 |    17 |   151 ||   196

Table legend:
 A = Non-vault XP
 B = Vault XP
 C = Vault XP percentage of total XP
 D = Non-vault monster count
 E = Vault monster count
 F = Vault count percentage of total count
                 A         B        C        D         E       F
            +---------+---------+-------+---------+---------+-------
      Total |    1431 |     610 |  29.9 |      95 |      13 |  12.0
            +---------+---------+-------+---------+---------+-------
        D:1 |      25 |       0 |   0.0 |      16 |       0 |   0.0
        D:2 |      73 |       0 |   0.0 |      22 |       0 |   0.0
        D:3 |      64 |       0 |   0.0 |      21 |       0 |   0.0
        D:4 |      27 |     192 |  87.7 |      11 |       6 |  35.3
        D:5 |     746 |     351 |  32.0 |      17 |       6 |  26.1
        D:6 |     496 |      67 |  11.9 |       8 |       1 |  11.1
            +---------+---------+-------+---------+---------+-------
